 Dungeon Crawl Stone Soup version 0.30.0-19-g36f170ea60 (webtiles) character file.

Game seed: 5202979086293505506

213 bmack86 the Chopper (level 5, -13/45 HPs)
             Began as a Minotaur Fighter on May 28, 2023.
             Mangled by Crazy Yiuf
             ... wielding a +4 quarterstaff of chaos
              (19 damage)
             ... on level 2 of the Dungeon.
             The game lasted 00:03:03 (1191 turns).

bmack86 the Chopper (Minotaur Fighter)              Turns: 1191, Time: 00:03:03

Health: -13/45     AC:  6    Str: 23    XL:     5   Next: 59%
Magic:  3/4        EV:  9    Int:  5    God:
Gold:   71         SH:  4    Dex:  9    Spells: 4/4 levels left

rFire   . . .        a - +0 war axe
rCold   . . .        c - +0 buckler
rNeg    . . .        b - +0 scale mail
rPois   .            (helmet restricted)
rElec   .            (no cloak)
rCorr   .            (no gloves)
SInv    .            (no boots)
Will    .....        (no amulet) Stlth
                     (no ring)
HPRegen 0.27/turn    (no ring)
MPRegen 0.09/turn

%: no passive effects
@: no status effects
A: horns 2, retaliatory headbutt
a: no special abilities


You were on level 2 of the Dungeon.
You visited 1 branch of the dungeon, and saw 2 of its levels.

You collected 71 gold pieces.

Inventory:

Hand Weapons
 a - a +0 war axe (weapon)
Armour
 b - a +0 scale mail (worn)
 c - a +0 buckler (worn)
Jewellery
 f - a +6 ring of intelligence
Scrolls
 e - 2 scrolls of noise
 g - 2 scrolls of blinking {unknown}
 h - a scroll of teleportation {unknown}
 j - 2 scrolls of identify
 k - a scroll of enchant armour {unknown}
 l - a scroll of enchant weapon {unknown}
Potions
 d - a potion of might
 i - 2 potions of curing
 m - a potion of ambrosia


   Skills:
 - Level 3.6 Fighting
 + Level 7.2 Axes
 - Level 3.6 Armour
 - Level 3.6 Shields


You had 4 spell levels left.
You didn't know any spells.
Your spell library was empty.

Dungeon Overview and Level Annotations

Branches:
Dungeon (2/15)

Altars:

Shops:
D:1 [

Annotations:
D:2 Crazy Yiuf


Innate Abilities, Weirdness & Mutations

You have a pair of horns on your head.
You reflexively headbutt those who attack you in melee.


Message History

You are frozen.
You barely miss the endoplasm. You headbutt the endoplasm!
You kill the endoplasm!
The worm bites you!
You slash the worm!
The worm is moderately wounded.
The worm bites you!
You hit the worm.
The worm is moderately wounded.
You hit the worm but do no damage.
The worm is moderately wounded.
The worm bites you but does no damage.
You slash the worm! You headbutt the worm.
You kill the worm!
Found a hammer.
Found a runed translucent door.
Crazy Yiuf shouts!
Crazy Yiuf whimpers, "Adder ladder childish!"
You open the door. You hit Crazy Yiuf.
Crazy Yiuf is lightly wounded.
Crazy Yiuf hits you with a +4 quarterstaff of chaos.
You feel your power leaking away.
You hit Crazy Yiuf but do no damage.
You headbutt Crazy Yiuf, but do no damage.
Crazy Yiuf is lightly wounded.
Crazy Yiuf says, "Line!"
Crazy Yiuf drinks a potion.
Crazy Yiuf goes berserk!
You hit Crazy Yiuf but do no damage.
Crazy Yiuf is lightly wounded.
Crazy Yiuf hits you with a +4 quarterstaff of chaos!!
Crazy Yiuf closely misses you.
You slash Crazy Yiuf!
You headbutt Crazy Yiuf, but do no damage.
Crazy Yiuf is moderately wounded.
Crazy Yiuf hits you with a +4 quarterstaff of chaos!
* * * LOW HITPOINT WARNING * * *
Crazy Yiuf burns you.
* * * LOW HITPOINT WARNING * * *
Crazy Yiuf hits you with a +4 quarterstaff of chaos!!
You die...

#.##.<.......รท
#.##..........
#.##......#...
######...###.#
#...####.#
#.....##.# ######
### #.###.##.#
##.#..## ###..)#
#.###....#
#......####@g...#
#.##.....#
#.......#..##...#
#.#.......
#.##...#.### ###
#.........
#.########
#.#....>.. #.#
#.##.....# #.#
### #.........
#.###.#
####..>..#
#.....# ##....#
#####.#####
####.#.#


You could see Crazy Yiuf (berserk).

Vanquished Creatures
  Sigmund (D:2)
  2 adders (D:2)
  2 worms (D:2)
  5 bats
  3 endoplasms
  7 giant cockroaches (D:1)
  3 goblins
  2 hobgoblins
  A kobold (D:1)
  A quokka (D:2)
  3 ball pythons
  2 frilled lizards
  2 rats
34 creatures vanquished.

Notes
Turn   | Place    | Note
-------+----------+-------------------------------------------
     0 | D:1      | bmack86 the Minotaur Fighter began the quest for the Orb.
     0 | D:1      | Reached XP level 1. HP: 19/19 MP: 0/0
   122 | D:1      | Reached skill level 3 in Axes
   183 | D:1      | Reached XP level 2. HP: 26/26 MP: 1/1
   237 | D:1      | Found Cuyrel's Antique Armour Shop.
   376 | D:1      | Reached skill level 4 in Axes
   470 | D:2      | Reached XP level 3. HP: 25/31 MP: 2/2
   589 | D:2      | Reached skill level 5 in Axes
   628 | D:2      | Noticed Sigmund
   637 | D:2      | Killed Sigmund
   638 | D:2      | Reached skill level 7 in Axes
   638 | D:2      | Reached XP level 4. HP: 26/39 MP: 3/3
   638 | D:2      | Reached XP level 5. HP: 30/45 MP: 4/4
  1183 | D:2      | Found a runed translucent door.
  1184 | D:2      | Noticed Crazy Yiuf
  1191 | D:2      | Mangled by Crazy Yiuf

Illustrated notes

Levels and vault maps discovered:
D:1:      lightli_arrival_flooded_house, layout_rooms, serial_shops,
          nicolae_shop_stone, minmay_worlds_worst_comb
D:2:      layout_loops_ring, uniq_sigmund, uniq_crazy_yiuf_cottage

Skill      XL: |  1  2  3 |
---------------+----------+-----
Axes           | 3 4 7 |  7.2
Fighting       | |  3.6
Armour         | |  3.6
Shields        | |  3.6

Action                     |  1- 3 |  4- 6 || total
---------------------------+-------+-------++-------
  Melee: War axe           |    57 |    17 ||    74
         Headbutt          |     2 |     4 ||     6
    Use: Scroll            |     2 |     1 ||     3
 Armour: Scale mail        |    34 |     7 ||    41
  Dodge: Dodged            |    37 |     4 ||    41
  Block: Buckler           |    10 |     1 ||    11
